 Dungeon Crawl Stone Soup version 0.27-a0-1136-g0b992a5a9d (webtiles) character file.

Game seed: 1575642249903833212

735 Zeld the Chucker (level 7, -4/49 HPs)
             Began as an Octopode Fighter on May 4, 2021.
             Was an Initiate of Okawaru.
             Splashed by a jelly's acid (5 damage)
             ... on level 6 of the Dungeon.
             The game lasted 00:09:50 (5101 turns).

Zeld the Chucker (Octopode Fighter)                 Turns: 5101, Time: 00:09:52

Health: -4/49      AC: -7    Str: 17    XL:     7   Next: 74%
Magic:  7/7        EV: 11    Int: 11    God:    Okawaru [......]
Gold:   184        SH:  9    Dex: 11    Spells: 6/6 levels left

rFire    . . .     SeeInvis .   a - +0 war axe
rCold    + . .     Faith    .   b - +0 kite shield
rNeg     . . .     Spirit   .   (helmet restricted)
rPois    .         Reflect  .   (no amulet)
rElec    .         Harm     .   e - ring of willpower
rCorr    .         Rampage  .   l - ring of protection from cold
Will     +....                  (no ring)
Stlth    ++........             (no ring)
HPRegen  0.16/turn              (no ring)
MPRegen  0.10/turn              (no ring)
                                (no ring)
                                (no ring)

@: corroded
A: almost no armour, amphibious, 8 rings, camouflage 1, gelatinous body 1,
(nimble swimmer 1), tentacles
a: Renounce Religion


You were on level 6 of the Dungeon.
You worshipped Okawaru.
Okawaru was noncommittal.
You visited 2 branches of the dungeon, and saw 7 of its levels.

You collected 314 gold pieces.
You spent 130 gold pieces at shops.

Inventory:

Hand Weapons
 a - a +0 war axe (weapon)
Missiles
 j - 17 poisoned darts (quivered)
Armour
 b - a +0 kite shield (worn)
Jewellery
 e - a ring of willpower (left tentacle)
 l - a ring of protection from cold (right tentacle)
Wands
 m - a wand of flame (10)
Scrolls
 d - a scroll of holy word
 f - a scroll of noise {unknown}
 g - 4 scrolls of teleportation
Potions
 c - 2 potions of might
 i - 2 potions of curing
 k - a potion of flight
 n - 2 potions of haste


   Skills:
 * Level 4.3 Fighting
 * Level 3.7 Axes
 - Level 6.0 Throwing
 - Level 3.0 Dodging
 * Level 4.3 Shields


You had 6 spell levels left.
You didn't know any spells.
Your spell library contained the following spells:

 Spells                   Type           Power      Damage    Failure   Level
 Animate Skeleton         Necr           0%         N/A       80%         1
 Apportation              Tloc           0%         N/A       80%         1
 Corona                   Hex            0%         N/A       80%         1
 Foxfire                  Conj/Fire      0%         2x1d4     80%         1
 Magic Dart               Conj           0%         1d3       80%         1
 Summon Small Mammal      Summ           0%         N/A       80%         1
 Call Imp                 Summ           0%         N/A       91%         2
 Searing Ray              Conj           0%         3d3       91%         2
 Call Canine Familiar     Summ           0%         N/A       99%         3
 Conjure Flame            Conj/Fire      0%         6-21      99%         3
 Dazzling Flash           Conj/Hex       0%         N/A       99%         3
 Inner Flame              Hex/Fire       0%         N/A       99%         3
 Summon Guardian Golem    Hex/Summ       0%         N/A       99%         3
 Fulminant Prism          Conj/Hex       0%         3d6       100%        4
 Iskenderun's Mystic Bla  Conj/Tloc      0%         2d3       100%        4
 Sticky Flame             Conj/Fire      0%         2d3       100%        4
 Summon Ice Beast         Ice/Summ       0%         N/A       100%        4
 Summon Lightning Spire   Summ/Air       0%         N/A       100%        4
 Fireball                 Conj/Fire      0%         3d3       100%        5


Dungeon Overview and Level Annotations

Branches:
Dungeon (6/15)             Temple (1/1) D:4

Altars:
Ashenzari
Cheibriados
Fedhas
Gozag
Hepliaklqana
Kikubaaqudgha
Makhleb
Nemelex Xobeh
Okawaru
Qazlal
Ru
Trog
Vehumet
Xom
Yredelemnul

Shops:
D:1 :   D:5 ?


Innate Abilities, Weirdness & Mutations

You cannot wear most types of armour.
You are amphibious.
You can wear up to eight rings at the same time.
Your skin changes colour to match your surroundings (Stealth+).
Your rubbery body absorbs attacks. (AC +1, EV +1)
((You are camouflaged near water. (Stealth+)))
You have tentacles for arms and can constrict up to eight enemies at once.


Message History

There is a stone staircase leading down here.
There is a stone staircase leading down here.
You climb downwards.
Found 20 gold pieces.
There is a stone staircase leading up here.
Found a stone staircase leading down.
Found a book of Callings.
You now have 184 gold pieces (gained 20).
You hear a distant slurping noise.
There is a stone staircase leading down here.
A jelly comes into view.
A jelly is nearby!
Found a stone staircase leading down.
The helpless jelly fails to defend itself.
You hit the jelly.
Your tentacles burn!
The jelly is lightly wounded.
The jelly hits you.
You are splashed with acid!
The jelly hits you.
You are splashed with acid!
You are too injured to fight recklessly!
You are too injured to fight recklessly!
You slash the jelly!
Your tentacles burn!
The jelly is heavily wounded.
You block the jelly's attack.
You hit the jelly. The acid corrodes you!
Your tentacles burn!
You squeeze the jelly, but do no damage.
The jelly is severely wounded.
The jelly barely misses you. The jelly hits you.
You are splashed with acid!
* * * LOW HITPOINT WARNING * * *
You hit the jelly.
Your tentacles burn!
* * * LOW HITPOINT WARNING * * *
The jelly is severely wounded.
The jelly completely misses you.
You hit the jelly but do no damage.
Your tentacles burn!
* * * LOW HITPOINT WARNING * * *
You squeeze the jelly, but do no damage.
The jelly is severely wounded.
The jelly closely misses you. The jelly hits you.
* * * LOW HITPOINT WARNING * * *
The acid corrodes you!
You are splashed with acid.
You die...

#..##.....>.......
##......###........
#......## #.....:..
##.....# #...#....
.#......# #..##....
........## #.## ..
.........# #.# .
........## ..#
.......@# ...
........J...#
.###....#..##
##..##.## >.# . ...
## ..## ...


You could see a jelly.

Vanquished Creatures
  2 black bears
  An ogre (D:5)
  A phantom (D:5)
  A scorpion (D:3)
  A centaur skeleton (D:5)
  2 hounds
  A jelly (D:3)
  Jessica (D:2)
  An iguana (D:4)
  6 adders
  An ufetubus (D:3)
  An adder skeleton (D:4)
  A worm (D:3)
  3 dart slugs
  9 orcs
  8 bats
  8 endoplasms
  3 giant cockroaches
  3 goblins
  5 hobgoblins
  6 jackals
  2 quokkas (D:2)
  7 ball pythons
  7 frilled lizards
  9 kobolds
  5 rats
95 creatures vanquished.

Notes
Turn   | Place    | Note
-------+----------+-------------------------------------------
     0 | D:1      | Zeld the Octopode Fighter began the quest for the Orb.
     0 | D:1      | Reached XP level 1. HP: 16/16 MP: 1/1
   110 | D:1      | Reached XP level 2. HP: 7/21 MP: 2/2
   547 | D:1      | Reached XP level 3. HP: 26/26 MP: 3/3
   609 | D:1      | Found Fuag's Book Boutique.
   929 | D:2      | Noticed Jessica
   935 | D:2      | Killed Jessica
   936 | D:2      | Reached XP level 4. HP: 14/32 MP: 4/4
  1133 | D:2      | Found a faded altar of an unknown god.
  1299 | D:2      | Reached skill level 1 in Throwing
  1378 | D:2      | Reached skill level 2 in Throwing
  1380 | D:2      | Reached XP level 5. HP: 24/37 MP: 5/5
  2007 | D:3      | Found a basalt altar of Yredelemnul.
  2011 | D:3      | Found a hazy altar of Hepliaklqana.
  2423 | D:3      | Noticed a black bear
  2432 | D:3      | Killed a black bear
  2433 | D:3      | Reached skill level 4 in Throwing
  2433 | D:3      | Reached XP level 6. HP: 30/43 MP: 6/6
  3278 | D:3      | Reached skill level 5 in Throwing
  3388 | D:4      | Found a staircase to the Ecumenical Temple.
  3399 | Temple   | Entered the Ecumenical Temple
  3466 | Temple   | Became a worshipper of Warmaster Okawaru
  3865 | D:4      | Found an opulent altar of Gozag.
  3990 | D:4      | Noticed a black bear
  4013 | D:4      | Killed a black bear
  4014 | D:4      | Reached skill level 6 in Throwing
  4014 | D:4      | Reached XP level 7. HP: 47/47 MP: 7/7
  4285 | D:5      | Entered Level 5 of the Dungeon
  4285 | D:5      | Found Wyinuhuh's Magic Scroll Emporium.
  4294 | D:5      | Bought a scroll of identify for 26 gold pieces
  4294 | D:5      | Bought a scroll of identify for 26 gold pieces
  4294 | D:5      | Bought a scroll of teleportation for 39 gold pieces
  4294 | D:5      | Bought a scroll of teleportation for 39 gold pieces
  5101 | D:6      | HP: 2/49 [acid (4)]
  5101 | D:6      | Splashed by a jelly's acid

Illustrated notes

Levels and vault maps discovered:
D:1:      ebering_trefoil_3fold, layout_rooms, serial_shops, shop
D:2:      layout_rooms, basic_ecumenical_altar, minmay_tetromino_l4,
          uniq_jessica
D:3:      layout_basic, grunt_temple_overflow_open, minivault_19,
          chequers_serial_rivers_large_a
D:4:      wad_crossroads, layout_rooms, amcnicky_altar_gilded,
          minmay_temple_entry_offerings
D:5:      layout_cave_pools, serial_shops, shop_fountains,
          kennysheep_generic_room_3
D:6:      layout_cave_pools, serial_shops, kennysheep_mini, shop, shop
Temple:   minmay_temple_bridge_abc

Skill      XL: |  1  2  3  4  5  6  7 |
---------------+----------------------+-----
Axes           | 3 |  3.7
Throwing       | 2 4 6 |  6.0
Fighting       | 4 |  4.3
Shields        | 4 |  4.3
Dodging        | |  3.0

Action                   |  1- 3 |  4- 6 |  7- 9 || total
-------------------------+-------+-------+-------++-------
Melee: War axe           |    45 |   103 |    40 ||   188
       Constrict         |    11 |    26 |     4 ||    41
       Tentacles         |     4 |    19 |     8 ||    31
Throw: Dart              |       |     5 |     2 ||     7
  Use: Potion            |       |     1 |       ||     1
       Scroll            |       |       |     4 ||     4
 Stab: Sleeping          |     5 |     9 |     5 ||    19
Armor: Skin              |     4 |     3 |     1 ||     8
Dodge: Dodged            |    23 |    46 |    21 ||    90
Block: Kite shield       |    24 |    53 |    21 ||    98

Table legend: (Time is in decaauts)
 A = Elapsed time spent in this place.
 B = Non-inter-level travel time spent in this place.
 C = Inter-level travel time spent in this place.
 D = Time resting spent in this place.
 E = Time spent auto-exploring this place.
 F = Levels seen in this place.
 G = Mean time per level.
                   A        B        C        D        E       F      G
               +--------+--------+--------+--------+--------+-----+--------+
         Total |   5210 |   5074 |    136 |    522 |   3829 |   7 |  744.3 |
       Dungeon |   5050 |   4939 |    111 |    522 |   3700 |   6 |  841.7 |
        Temple |    159 |    134 |     25 |      0 |    129 |   1 |  159.0 |
               +--------+--------+--------+--------+--------+-----+--------+

Top non-repeatable levels by time:
     D:3: 1392 daAuts
     D:2: 1150 daAuts
     D:1: 921 daAuts
     D:5: 801 daAuts
     D:4: 751 daAuts
  Temple: 159 daAuts
     D:6: 33 daAuts
